 Dungeon Crawl Stone Soup version 0.29.1-12-g30fa7ad0bf (webtiles) character file.

Game seed: 11275932830271375840

1980 Radix the Firebug (level 8, -3/62 HPs)
             Began as a Demigod Fire Elementalist on Dec 14, 2022.
             Slain by Duvessa
             ... wielding a +1 short sword of distortion
              (13 damage)
             ... on level 6 of the Dungeon on Dec 15, 2022.
             The game lasted 00:45:39 (6167 turns).

Radix the Firebug (Demigod Fire Elementalist)       Turns: 6167, Time: 00:45:40

Health: -3/62      AC:  8    Str:  9    XL:     8   Next: 69%
Magic:  3/19       EV: 12    Int: 25    God:
Gold:   223        SH:  0    Dex: 20    Spells: 13/18 levels left

rFire   . . .      SeeInvis .   v - +0 demon blade
rCold   . . .      Faith    .   (no shield)
rNeg    . . .      Spirit   .   a - +0 robe
rPois   .          Reflect  .   k - +0 helmet
rElec   .          Harm     .   u - +0 cloak
rCorr   .          Rampage  .   (no gloves)
Will    .....                   (no boots)
Stlth   ++........              (no amulet)
HPRegen 0.20/turn               o - +4 ring of protection
MPRegen 0.16/turn               e - +6 ring of dexterity

@: mighty, wereblooded
A: high MP 1, forlorn, divine attributes
a: no special abilities


You were on level 6 of the Dungeon.
You visited 1 branch of the dungeon, and saw 6 of its levels.

You collected 256 gold pieces.
You spent 33 gold pieces at shops.

Inventory:

Hand Weapons
 p - a +0 morningstar
 v - a +0 demon blade (weapon)
 A - a +1 flail of draining
Armour
 a - a +0 robe (worn)
 k - a +0 helmet (worn)
 r - an orb of light
 u - a +0 cloak (worn)
 D - a +0 leather armour
Jewellery
 e - a +6 ring of dexterity (right hand)
 j - a ring of wizardry
 o - a +4 ring of protection (left hand)
Wands
 s - a wand of polymorph (6)
 z - a wand of roots (6)
 H - a wand of charming (7)
Scrolls
 d - 3 scrolls of vulnerability {unknown}
 f - 7 scrolls of identify {unknown}
 g - 3 scrolls of teleportation
 h - 2 scrolls of noise {unknown}
 m - a scroll of poison {unknown}
 y - a scroll of enchant armour {unknown}
 C - a scroll of brand weapon {unknown}
 E - 2 scrolls of blinking {unknown}
 G - a scroll of silence {unknown}
Potions
 b - a potion of magic
 c - 2 potions of heal wounds {unknown}
 l - a potion of degeneration {unknown}
 n - a potion of lignification {unknown}
 q - 2 potions of might
 t - a potion of cancellation {unknown}
 w - 2 potions of mutation {unknown}
 x - 3 potions of attraction {unknown}
 F - a potion of brilliance {unknown}


   Skills:
 + Level 2.3 Fighting
 + Level 4.6 Long Blades
 - Level 1.7 Dodging
 - Level 1.7 Stealth
 + Level 5.5 Spellcasting
 - Level 5.0 Conjurations
 - Level 5.7 Fire Magic


You had 13 spell levels left.
You knew the following spells:

 Your Spells              Type           Power      Damage    Failure   Level
a - Foxfire               Conj/Fire      100%       2x1d9     1%          1
b - Scorch                Fire           70%        2d9       1%          2
c - Wereblood             Tmut           6%         N/A       12%         2

Your spell library contained the following spells:

 Spells                   Type           Power      Damage    Failure   Level
 Conjure Flame            Conj/Fire      33%        6-21      2%          3
 Inner Flame              Hex/Fire       21%        N/A       7%          3
 Beastly Appendage        Tmut           12%        N/A       8%          1
 Flame Wave               Conj/Fire      33%        2d10      9%          4
 Gell's Gravitas          Tloc           6%         N/A       24%         3
 Lesser Beckoning         Tloc           6%         N/A       24%         3
 Ozocubu's Armour         Ice            6%         N/A       24%         3
 Spider Form              Tmut/Pois      6%         N/A       24%         3
 Teleport Other           Tloc           6%         N/A       24%         3
 Metabolic Englaciation   Hex/Ice        3%         N/A       91%         5
 Simulacrum               Ice/Necr       3%         N/A       100%        6
 Ozocubu's Refrigeration  Ice            3%         4d8       100%        7


Dungeon Overview and Level Annotations

Branches:
Dungeon (6/15)             Temple (0/1) D:5

Shops:
D:1 *

Annotations:
D:6 Duvessa


Innate Abilities, Weirdness & Mutations

You have an increased reservoir of magic. (+10% MP)
You shall have no god before yourself.
Your divine heritage dramatically boosts your attributes as you level up.


Message History

Duvessa is lightly wounded.
Duvessa hits you with a +1 short sword of distortion.
Duvessa completely misses you.
Casting: Scorch (safe; 1% risk of failure)
Confirm with . or Enter, or press ? or * to list all spells.
Flames lash Duvessa.
Duvessa is moderately wounded.
Duvessa hits you with a +1 short sword of distortion.
You blink.
Casting: Scorch (safe; 1% risk of failure)
Confirm with . or Enter, or press ? or * to list all spells.
Flames lash Duvessa but do no damage.
Casting: Scorch (safe; 1% risk of failure)
Confirm with . or Enter, or press ? or * to list all spells.
Your blood is infused with primal strength.
Duvessa misses you.
Casting: Wereblood (safe; 12% risk of failure)
Confirm with . or Enter, or press ? or * to list all spells.
Flames lash Duvessa.
Duvessa is heavily wounded.
Duvessa barely misses you.
Duvessa hits you with a +1 short sword of distortion!
Space warps around you.
You slash Duvessa!
Duvessa is severely wounded.
Duvessa hits you with a +1 short sword of distortion!
You blink.
You hit Duvessa but do no damage.
Duvessa is severely wounded.
Duvessa hits you with a +1 short sword of distortion!
Space warps around you.
* * * LOW HITPOINT WARNING * * *
You feel very mighty all of a sudden. Duvessa hits you but does no damage.
Space warps around you.
* * * LOW HITPOINT WARNING * * *
Duvessa closely misses you.
You slash Duvessa!
Duvessa is severely wounded.
Duvessa hits you with a +1 short sword of distortion!
You die...

## ###.### #
#.....###### #
#.##.......###
# #.
##.##.#...# #
# #+##+###[#
.. #.....#.#
##.# #.....#.#
+ +##+##'e#
#.)#@# #..#.#
#..#.# +..+.#
#..#.# #..#.#
#..#.# +.# ###


You could see Duvessa (berserk, combustible).

Vanquished Creatures
  Grinder (D:5)
  Sigmund (D:5)
  Menkaure (D:4)
  Edmund (D:5)
  2 black bears
  An ice beast (D:5)
  An ogre (D:6)
  2 phantoms
  Blork the orc (D:6)
  3 scorpions
  2 necrophages (D:4)
  Dowan (D:6)
  A howler monkey (D:6)
  3 jellies
  3 hounds
  An iguana (D:6)
  An orc wizard (D:5)
  Natasha (thrice) (D:3)
  Ijyb (D:3)
  7 adders
  An ufetubus (D:4)
  A worm (D:4)
  2 dart slugs
  7 orcs
  4 ball pythons
  2 bats
  5 endoplasms
  3 giant cockroaches
  6 goblins
  6 hobgoblins
  5 jackals
  4 kobolds
  2 quokkas
  2 frilled lizards
  3 rats
90 creatures vanquished.

Vanquished Creatures (others)
  106 foxfires
106 creatures vanquished.

Grand Total: 196 creatures vanquished

Notes
Turn   | Place    | Note
-------+----------+-------------------------------------------
     0 | D:1      | Radix the Demigod Fire Elementalist began the quest for the
                  | Orb.
     0 | D:1      | Reached XP level 1. HP: 14/14 MP: 5/5
   150 | D:1      | Reached skill level 1 in Conjurations
   456 | D:1      | Found Hokhirac's General Store.
   472 | D:1      | Bought a scroll of teleportation for 33 gold pieces
   571 | D:1      | Reached XP level 2. HP: 20/20 MP: 4/7
  1055 | D:2      | Learned a level 2 spell: Scorch
  1213 | D:2      | Reached XP level 3. HP: 24/26 MP: 2/9
  2006 | D:3      | Reached XP level 4. HP: 33/33 MP: 3/10
  2224 | D:3      | Noticed Ijyb
  2241 | D:3      | Killed Ijyb
  2348 | D:3      | Noticed Natasha
  2350 | D:3      | Killed Natasha
  2469 | D:3      | Noticed Natasha
  2472 | D:3      | Killed Natasha
  2473 | D:3      | Reached XP level 5. HP: 23/38 MP: 7/12
  2569 | D:3      | Noticed Natasha
  2571 | D:3      | Killed Natasha
  2898 | D:4      | Reached XP level 6. HP: 45/45 MP: 9/14
  2968 | D:4      | Noticed Menkaure
  2972 | D:4      | Reached skill level 1 in Long Blades
  2977 | D:4      | Killed Menkaure
  3343 | D:4      | Reached XP level 7. HP: 44/50 MP: 5/16
  3766 | D:5      | Entered Level 5 of the Dungeon
  3774 | D:5      | Noticed Edmund
  3788 | D:5      | Killed Edmund
  3789 | D:5      | Reached skill level 5 in Fire Magic
  4135 | D:5      | Found a large runed translucent door.
  4136 | D:5      | Found a large runed translucent door.
  4300 | D:5      | Learned a level 2 spell: Wereblood
  4354 | D:5      | Found a staircase to the Ecumenical Temple.
  4492 | D:5      | Noticed Grinder
  4496 | D:5      | Paralysed by Grinder for 5 turns
  4502 | D:5      | Killed Grinder
  4698 | D:5      | Reached XP level 8. HP: 57/57 MP: 9/18
  5065 | D:5      | Noticed Sigmund
  5074 | D:5      | Killed Sigmund
  5075 | D:5      | Reached skill level 5 in Conjurations
  5496 | D:5      | Reached skill level 5 in Spellcasting
  5540 | D:5      | Reached skill level 1 in Fighting
  5841 | D:6      | Noticed Blork the orc
  5881 | D:6      | Killed Blork the orc
  6138 | D:6      | Noticed Duvessa
  6138 | D:6      | Noticed Dowan
  6157 | D:6      | Killed Dowan
  6167 | D:6      | Slain by Duvessa

Illustrated notes

Levels and vault maps discovered:
D:1:      dpeg_arrival_simpleton_c, layout_loops_ring, serial_shops,
          nicolae_shop_crystal, hangedman_decor_lopped
D:2:      layout_basic, hellmonk_ecumenical_altar_leap_of_faith, basic_altar,
          wad_orctagon
D:3:      layout_basic, uniq_natasha, uniq_ijyb
D:4:      layout_loops_ring, patterned_corridor, uniq_menkaure
D:5:      layout_loops_corners, grunt_qazlal_clouds, mainiacjoe_overflow_paths,
          jmf_multi_god_temple2, temple_pool_b, uniq_sigmund, uniq_grinder,
          uniq_edmund
D:6:      layout_basic, dreamdust_divine_triumvirate,
          mainiacjoe_overflow_24_doors, uniq_duvessa, uniq_blork_the_orc

Skill      XL: |  1  2  3  4  5  6  7  8 |
---------------+-------------------------+-----
Conjurations   | 1 2 3 4 5 |  5.0
Spellcasting   | 2 3 4 5 |  5.5
Fire Magic     | 3 4 5 |  5.7
Long Blades    | 2 3 4 |  4.6
Fighting       | 2 |  2.3
Dodging        | |  1.7
Stealth        | |  1.7

Action                   |  1- 3 |  4- 6 |  7- 9 || total
-------------------------+-------+-------+-------++-------
Melee: Trident           |    16 |       |       ||    16
       Morningstar       |       |    10 |       ||    10
       Demon blade       |       |    29 |    75 ||   104
       Punch             |       |       |     1 ||     1
 Cast: Foxfire           |    63 |    13 |     1 ||    77
       Scorch            |     6 |    27 |    42 ||    75
       Wereblood         |       |       |     5 ||     5
  Use: Potion            |       |       |     1 ||     1
 Stab: Sleeping          |       |       |     5 ||     5
Armor: Robe              |     5 |    15 |    20 ||    40
       Leather armour    |       |       |     7 ||     7
Dodge: Dodged            |    32 |    31 |    47 ||   110
